 Dungeon Crawl Stone Soup version 0.19.1-1-g22dce08 (webtiles) character file.

795 McKennaii the Gusty (level 7, -8/42 HPs)
             Began as a High Elf Air Elementalist on Jan 7, 2017.
             Was a Follower of Sif Muna.
             Mangled by fatfloppyjuicyveiny's ghost (16 damage)
             ... on level 5 of the Dungeon.
             The game lasted 00:13:51 (3650 turns).

McKennaii the Gusty (High Elf Air Elementalist)     Turns: 3650, Time: 00:13:52

Health: -8/42      AC:  3    Str:  7    XL:     7   Next: 58%
Magic:  14/17      EV: 13    Int: 20    God:    Sif Muna [*.....]
Gold:   242        SH:  0    Dex: 17    Spells: 3 memorised, 13 levels left

rFire  . . .     SeeInvis .     E - +0 falchion
rCold  . . .     Gourm    .     a - +0 robe
rNeg   . . .     Faith    .     (no shield)
rPois  .         Spirit   .     (no helmet)
rElec  .         Reflect  .     t - +0 cloak
rCorr  .         Harm     .     (no gloves)
MR     .....                    (no boots)
Stlth  +++.......               (no amulet)
                                (no ring)
                                (no ring)

@: no status effects
A: no striking features
a: Divine Energy, Renounce Religion


You were on level 5 of the Dungeon.
You worshipped Sif Muna.
Sif Muna was aware of your devotion.
You were not hungry.

You visited 2 branches of the dungeon, and saw 6 of its levels.

You collected 242 gold pieces.

Inventory:

Hand Weapons
 E - a +0 falchion (weapon)
Armour
 a - a +0 robe (worn)
 t - a +0 cloak (worn)
Wands
 q - a wand of flame (3/48)
 y - a wand of polymorph (11/24)
 z - a wand of flame (22/48)
 C - a wand of disintegration (19/24)
Scrolls
 d - 2 scrolls of enchant armour {unknown}
 g - 3 scrolls of recharging
 k - 9 scrolls of identify {unknown}
 n - 3 scrolls of teleportation {unknown}
 p - a scroll of fog {unknown}
 u - 3 scrolls of remove curse
 w - a scroll of random uselessness {unknown}
 x - 2 scrolls of magic mapping {unknown}
 D - a scroll of noise {unknown}
Potions
 e - 2 potions of lignification {unknown}
 h - a potion of cure mutation {unknown}
 i - a potion of degeneration {unknown}
 j - 2 potions of magic {unknown}
 m - 2 potions of curing {unknown}
 o - a potion of brilliance {unknown}
 r - a potion of cancellation {unknown}
 s - a potion of mutation {unknown}
Books
 b - a book of Air

   Spells                             Type                      Level
   a - Shock                          Conjuration/Air              1
   b - Swiftness                      Charms/Air                   2
   c - Repel Missiles                 Charms/Air                   2
   d - Static Discharge               Conjuration/Air              3
   e - Lightning Bolt                 Conjuration/Air              5
 A - a book of Callings

   Spells                             Type                      Level
   a - Summon Small Mammal            Summoning                    1
   b - Call Imp                       Summoning                    2
   c - Call Canine Familiar           Summoning                    3
   d - Summon Guardian Golem          Hexes/Summoning              3
   e - Summon Lightning Spire         Summoning/Air                4
   f - Summon Ice Beast               Ice/Summoning                4
Comestibles
 c - 3 bread rations
 f - a meat ration


   Skills:
 + Level 0.8 Fighting
 + Level 3.1 Dodging
 + Level 3.4 Stealth
 + Level 0.1 Unarmed Combat
 + Level 6.1 Spellcasting
 + Level 4.0 Conjurations
 + Level 6.5 Air Magic


You had 13 spell levels left.
You knew the following spells:

 Your Spells              Type           Power        Failure   Level  Hunger
a - Shock                 Conj/Air       ####         1%          1    None
b - Swiftness             Chrm/Air       ###.....     4%          2    None
c - Repel Missiles        Chrm/Air       ###...       4%          2    None


Dungeon Overview and Level Annotations

Branches:
Dungeon (5/15)             Temple (1/1) D:4

Altars:
Elyvilon
Hepliaklqana
Kikubaaqudgha
Makhleb
Nemelex Xobeh
Okawaru
Ru
Sif Muna
Vehumet
Zin
The Shining One

Shops:
D:3 *

Annotations:
D:5 fatfloppyjuicyveiny's ghost, novice OgBe


Message History

* * * LOW HITPOINT WARNING * * *
Evoke which item? (* to show all) (? for menu, Esc to quit)
Zapping:
C - a wand of disintegration {recharged} (will waste charges)
Press: ? - help, Shift-Dir - straight line, f - fatfloppyjuicyveiny's ghost
Aim: fatfloppyjuicyveiny's ghost (lightly damaged, chance to defeat MR: 42%) Fatfloppyjuicyveiny's ghost resists with some effort.
Evoking this partially-identified wand wasted a few charges.
Fatfloppyjuicyveiny's ghost hits you.
* * * LOW HITPOINT WARNING * * *
There's nothing to close nearby.
Unknown command.
There's nothing to close nearby.
Evoke which item? (* to show all) (? for menu, Esc to quit)
Zapping:
C - a wand of disintegration {zapped: 2} (will waste charges)
Press: ? - help, Shift-Dir - straight line, f/p - fatfloppyjuicyveiny's ghost
Aim: fatfloppyjuicyveiny's ghost (lightly damaged, chance to defeat MR: 42%) Fatfloppyjuicyveiny's ghost resists with some effort.
Evoking this partially-identified wand wasted a few charges.
Fatfloppyjuicyveiny's ghost hits you!
You die...

############# #...........#
######### ##########.#########.#
........# #...W...##.# ... #.#
........# #.#####.##.#..... #.#
........# #...W.#......# #>#
........# #####@#..##....# #.#
........# #.#..# ....... #.#
..W..<.(# #.#.## .###### #.#
........# #.#.. .....# #.#
........# ###############.####.#
........# #... ................
......<.####.###########...######
.............#..........#.##
.........#......#######.#.#


You could see fatfloppyjuicyveiny's ghost.

Vanquished Creatures
  An ogre (D:5)
  The ghost of awk the Changer, an amateur MfTm of Ashenzari (D:3)
  A bullfrog (D:4)
  A scorpion (D:5)
  A crimson imp (D:5)
  2 hounds (D:4)
  2 bullfrog zombies (D:5)
  An orc wizard (D:5)
  Crazy Yiuf (D:2)
  2 iguanas
  Ijyb (D:2)
  3 worker ants
  4 gnolls (D:3)
  A howler monkey skeleton (D:5)
  4 adders
  An adder zombie (D:5)
  2 worms
  A dart slug (D:3)
  7 leopard geckos
  7 orcs
  5 bats
  A giant cockroach (D:1)
  3 goblins
  6 hobgoblins
  4 jackals (D:3)
  6 kobolds
  5 frilled lizards
  A leopard gecko zombie (D:5)
  6 rats
81 creatures vanquished.

Notes
Turn   | Place    | Note
-------+----------+-------------------------------------------
     0 | D:1      | McKennaii the High Elf Air Elementalist began the quest for the Orb.
     0 | D:1      | Reached XP level 1. HP: 11/11 MP: 4/4
   509 | D:1      | Reached XP level 2. HP: 17/17 MP: 3/6
   765 | D:2      | Learned a level 2 spell: Swiftness
   768 | D:2      | Learned a level 2 spell: Repel Missiles
   853 | D:2      | Found a runed door.
  1179 | D:2      | Noticed Crazy Yiuf
  1182 | D:2      | Killed Crazy Yiuf
  1182 | D:2      | Reached XP level 3. HP: 21/21 MP: 4/8
  1213 | D:3      | Found Zin's Purification Station.
  1215 | D:3      | Noticed awk's ghost (amateur MfTm)
  1216 | D:3      | Noticed Ijyb
  1310 | D:2      | Killed Ijyb
  1310 | D:2      | Reached XP level 4. HP: 14/27 MP: 7/10
  1461 | D:3      | Killed awk's ghost
  1461 | D:3      | Reached XP level 5. HP: 21/31 MP: 4/12
  1468 | D:3      | Found a glowing silver altar of Zin.
  1523 | D:3      | Reached skill level 5 in Air Magic
  2159 | D:4      | Reached XP level 6. HP: 37/37 MP: 8/13
  2223 | D:4      | Found a staircase to the Ecumenical Temple.
  2252 | Temple   | Entered the Ecumenical Temple
  2268 | Temple   | Became a worshipper of Sif Muna the Loreminder
  2773 | D:5      | Entered Level 5 of the Dungeon
  2777 | D:5      | Reached skill level 5 in Spellcasting
  2805 | D:5      | Reached XP level 7. HP: 38/42 MP: 9/15
  2888 | D:5      | Noticed fatfloppyjuicyveiny's ghost (novice OgBe)
  3029 | D:5      | Reached * piety under Sif Muna
  3650 | D:5      | Mangled by fatfloppyjuicyveiny's ghost

Skill      XL: |  1  2  3  4  5  6  7 |
---------------+----------------------+-----
Air Magic      | 4 5 6 |  6.5
Spellcasting   | 3 4 5 6 |  6.1
Conjurations   | 2 3 4 |  4.0
Stealth        | 3 |  3.4
Dodging        | 3 |  3.1
Fighting       | |  0.8
Unarmed Combat | |  0.1

Action                   |  1- 3 |  4- 6 |  7- 9 || total
-------------------------+-------+-------+-------++-------
Melee: Unarmed           |    19 |     7 |       ||    26
 Cast: Shock             |    57 |   125 |    61 ||   243
Evoke: Wand              |       |       |     2 ||     2
  Use: Scroll            |       |       |     2 ||     2
  Eat: Royal jelly       |     1 |       |       ||     1
       Bread ration      |       |     1 |       ||     1
       Fruit             |       |       |     2 ||     2
       Pizza             |       |       |     1 ||     1
       Beef jerky        |       |       |     1 ||     1
Armor: Robe              |     4 |     7 |       ||    11
Dodge: Dodged            |    25 |    54 |    10 ||    89
